 Dungeon Crawl Stone Soup version 0.27.1-4-g1640c2035a (webtiles) character file.

Game seed: 2014033439465490060

7 styxcanada the Sneak (level 1, 0/10 HPs)
             Began as a Spriggan Brigand on Nov 1, 2021.
             Slain by a quokka (3 damage)
             ... on level 1 of the Dungeon.
             The game lasted 00:01:10 (710 turns).

styxcanada the Sneak (Spriggan Brigand)              Turns: 710, Time: 00:01:10

Health: 0/10       AC:  3    Str:  7    XL:     1   Next: 83%
Magic:  2/2        EV: 16    Int: 12    God:
Gold:   29         SH:  0    Dex: 16    Spells: 0/0 levels left

rFire    . . .     SeeInvis +   a - +2 dagger
rCold    . . .     Faith    .   (shield restricted)
rNeg     . . .     Spirit   .   b - +0 robe
rPois    .         Reflect  .   (helmet restricted)
rElec    .         Harm     .   c - +0 cloak
rCorr    .         Rampage  .   (gloves unavailable)
Will     .....                  (boots unavailable)
Stlth    +++.......             (no amulet)
HPRegen  0.03/turn              (no ring)
MPRegen  0.08/turn              (no ring)

@: very quick
A: very small, no large weapons, unfitting armour, see invisible, speed 3
a: no special abilities


You were on level 1 of the Dungeon.
You visited 1 branch of the dungeon, and saw 1 of its levels.

You collected 29 gold pieces.

Inventory:

Hand Weapons
 a - a +2 dagger (weapon)
Missiles
 d - 8 poisoned darts (quivered)
 e - 2 curare-tipped darts
 f - 26 stones
Armour
 b - a +0 robe (worn)
 c - a +0 cloak (worn)
Scrolls
 g - a scroll of blinking {unknown}
Potions
 h - a potion of degeneration {unknown}


   Skills:
 * Level 1.6 Fighting
 + Level 2.2 Short Blades
 + Level 2.0 Throwing
 * Level 1.6 Dodging
 * Level 6.3 Stealth


You couldn't memorise any spells.
You didn't know any spells.
Your spell library was empty.

Dungeon Overview and Level Annotations

Branches:
Dungeon (1/15)

Altars:


Innate Abilities, Weirdness & Mutations

You are very small and have problems with some larger weapons.
You are too small for most types of armour.
You have supernaturally acute eyesight. (SInv)
You cover ground extremely quickly. (Speed+++)


Message History

A kobold comes into view. It is wielding a +0 whip.
The kobold shouts!
The kobold hits you with a +0 whip.
You hit the kobold.
You kill the kobold!
Things that are here:
a +0 whip; a kobold corpse
Found a fuming cyan potion.
A ball python comes into view.
You see here a fuming cyan potion.
h - a fuming cyan potion The ball python hisses angrily.
You closely miss the ball python. The ball python barely misses you.
The ball python closely misses you.
You hit the ball python.
The ball python is severely wounded.
The ball python barely misses you. x2
You hit the ball python.
You kill the ball python!
You see here a ball python corpse.
A bat comes into view.
A quokka comes into view.
You hit the quokka but do no damage. The bat hits you but does no damage.
The bat closely misses you. The quokka barely misses you.
You hit the quokka but do no damage. The bat hits you. The quokka bites you.
You hit the quokka but do no damage. The bat barely misses you.
The quokka misses you.
You hit the quokka but do no damage. The bat hits you but does no damage.
The quokka bites you. The bat barely misses you.
You hit the quokka.
The quokka is moderately wounded.
The bat barely misses you. The bat closely misses you.
The quokka completely misses you.
You miss the bat. The bat hits you.
* * * LOW HITPOINT WARNING * * *
The quokka closely misses you.
You closely miss the quokka.
The quokka is moderately wounded.
The bat hits you but does no damage. The quokka bites you.
You die...

#...# #. #...# ... #...#
... ######...##.##.
#..............
............... #.
#......r.b....# g.#
#.@.# #.. #...# #.#
#...# #.# #...# #.#
#...# #####.#######
##.## ............# #.#
#####.#####.# #.###### #
#(#####.####......######


You could see a quokka and a bat.

Vanquished Creatures
  A ball python (D:1)
  An endoplasm (D:1)
  A goblin (D:1)
  A kobold (D:1)
  A bat (D:1)
  A rat (D:1)
6 creatures vanquished.

Notes
Turn   | Place    | Note
-------+----------+-------------------------------------------
     0 | D:1      | styxcanada the Spriggan Brigand began the quest for the
                  | Orb.
     0 | D:1      | Reached XP level 1. HP: 10/10 MP: 2/2
   177 | D:1      | Reached skill level 6 in Stealth
   710 | D:1      | Slain by a quokka

Illustrated notes

Levels and vault maps discovered:
D:1:      dpeg_arrival_rooms_b, layout_loops_cross

Skill      XL: |  1 |
---------------+----+-----
Stealth        | 6 |  6.3
Fighting       | |  1.6
Short Blades   | |  2.2
Throwing       | |  2.0
Dodging        | |  1.6

Action                   || total
-------------------------++-------
Melee: Dagger            ||    29
Armor: Robe              ||     6
Dodge: Dodged            ||    22
